 Dungeon Crawl Stone Soup version 0.31.0-11-ge490571c62 (webtiles) character file.

Game seed: 579711597556498627

133 qw the Skirmisher (level 4, -3/25 HPs)
             Began as a Deep Elf Hunter on Feb 3, 2024.
             Slain by a sleepcap (19 damage)
             ... on level 3 of the Dungeon.
             The game lasted 00:00:09 (2306 turns).

qw the Skirmisher (Deep Elf Hunter)                 Turns: 2306, Time: 00:00:10

Health: -3/25      AC:  3    Str: 10    XL:     4   Next: 94%
Magic:  6/6        EV:  2    Int: 14    God:
Gold:   157        SH:  0    Dex: 24    Spells: 3/3 levels left

rFire   . . .        a - +0 shortbow
rCold   . . .        (shield currently unavailable)
rNeg    . . .        c - +0 leather armour
rPois   .            (no helmet)
rElec   .            (no cloak)
rCorr   .            (no gloves)
SInv    +            (no boots)
Will    .....        (no amulet)
Stlth   ++           e - ring of see invisible
HPRegen 0.24/turn    g - +6 ring of dexterity
MPRegen 0.10/turn

%: no passive effects
@: sleeping
A: no striking features
a: no special abilities


You were on level 3 of the Dungeon.
You visited 1 branch of the dungeon, and saw 4 of its levels.

You collected 157 gold pieces.


   Skills:
 - Level 1.5 Fighting
 - Level 8.3 Ranged Weapons
 + Level 2.4 Dodging
 - Level 1.2 Stealth


You had 3 spell levels left.
You didn't know any spells.
Your spell library was empty.

Inventory:

Hand Weapons
 a - a +0 shortbow (weapon)
Armour
 c - a +0 leather armour (worn)
Jewellery
 b - a ring of ice
 e - a ring of see invisible (left hand)
 g - a +6 ring of dexterity (right hand)
Potions
 d - 2 potions of cancellation
 f - a potion of haste {unknown}
 h - a potion of berserk rage {unknown}

Dungeon Overview and Level Annotations

Branches:
Dungeon (4/15)
 Temple: D:4-7

Altars:


Message History

Found 11 gold pieces.
There is a stone staircase leading up here.
There are monsters nearby!
Waypoint 3 assigned to D:4.
You shoot an arrow. The arrow hits the quokka.
The quokka is heavily wounded.
The jelly quivers.
You shoot an arrow. The arrow hits the quokka!
You kill the quokka!
You shoot an arrow. The arrow hits the sleepcap.
The sleepcap is lightly damaged.
A ball python comes into view.
You shoot an arrow. The ball python hisses angrily.
The arrow hits the sleepcap!
The sleepcap is heavily damaged.
2299 ||| STAIRDANCE The sleepcap barely misses you.
You climb upwards.
There is a stone staircase leading down here.
You shoot an arrow.
The arrow hits the sleepcap but does no damage.
The sleepcap is heavily damaged.
The sleepcap releases spores at you.
You shoot an arrow. The arrow hits the sleepcap.
The sleepcap is severely damaged.
The sleepcap barely misses you.
You shoot an arrow. The arrow hits the sleepcap.
The sleepcap is severely damaged.
The sleepcap releases spores at you.
You shoot an arrow. The arrow hits the sleepcap!
The sleepcap is almost destroyed.
The sleepcap misses you.
You shoot an arrow. The arrow hits the sleepcap.
The sleepcap is almost destroyed.
The sleepcap releases spores at you.
You are engulfed in a cloud of soporific spores!
You fall asleep.
The sleepcap releases spores at you!!
Ouch! That really hurt!
You die...

### ### #.# ..###.## ####.######
#.##...## #.........# #>#.....##
#######.#######.# .........#
#.....#.# #.#
#.#.....#########.###.#.# #.#
#.##...## #.......#.....# #.#
#.###.## #.#####.....#.# #.#
#.###.## #.##.f@.....#.# #.#
..##<..# #.##.##....##.#######..
#....#.# #.......#####.........#
#.##...# ####.#### ####)######
#.###### #.# ##)## #.#### #.#
##..)## .....# #.### ##....)##
.....# #...## ##.......##
.....##########...####.........##


You could see a sleepcap.

Vanquished Creatures
  An orc priest (D:3)
  2 adders (D:3)
  A dart slug (D:2)
  2 ribbon worms
  5 orcs (D:3)
  2 ball pythons
  9 endoplasms
  2 giant cockroaches
  10 goblins
  4 hobgoblins
  6 jackals (D:1)
  4 quokkas
  7 bats
  4 frilled lizards
  3 kobolds (D:1)
  7 rats
69 creatures vanquished.

Notes
Turn   | Place    | Note
-------+----------+-------------------------------------------
     0 | D:1      | qw the Deep Elf Hunter began the quest for the Orb.
     0 | D:1      | Reached XP level 1. HP: 12/12 MP: 3/3
     0 | D:1      | 0 ||| qw: Version: 0.3-a-155-g5e7d8dd
     0 | D:1      | 0 ||| qw: Game counter: 3065
     0 | D:1      | 0 ||| qw: Melee chars always use a shield: true
     0 | D:1      | 0 ||| qw: God list: Okawaru
     0 | D:1      | 0 ||| qw: Allow faded altars: false
     0 | D:1      | 0 ||| qw: Do Orc after clearing Dungeon:15 true
     0 | D:1      | 0 ||| qw: Do second Lair branch before Depths: true
     0 | D:1      | 0 ||| qw: Lair rune preference: random
     0 | D:1      | 0 ||| qw: Goals: Normal
     0 | D:1      | 0 ||| PLANNING D:1-11
   116 | D:1      | Reached skill level 6 in Ranged Weapons
   116 | D:1      | Reached XP level 2. HP: 16/16 MP: 4/4
   134 | D:1      | You fall into a shaft and drop 1 floor!
   135 | D:2      | 135 ||| DROPPING scroll of butterflies.
   373 | D:1      | Reached XP level 3. HP: 20/20 MP: 5/5
   751 | D:1      | 751 ||| READING scroll labelled HYDIAXTAUNN.
   756 | D:1      | 756 ||| READING scroll labelled ZOFEEMM KABIY.
   890 | D:2      | Found a faded altar of an unknown god.
   896 | D:2      | Reached skill level 7 in Ranged Weapons
  1246 | D:2      | 1246 ||| UPGRADING to ring of see invisible.
  1247 | D:2      | 1247 ||| READING scroll of identify.
  1247 | D:2      | 1247 ||| IDENTIFYING 2 amethyst potions
  1248 | D:2      | 1248 ||| READING scroll labelled TOISEO QACLOAG.
  1250 | D:2      | 1250 ||| Stepping ~*~*~tactically~*~*~ (cloud).
  1254 | D:2      | HP: 5/20 [poisoned by you (poison gas)]
  1258 | D:2      | HP: 2/20 [poisoned by you (poison gas)]
  1531 | D:3      | Reached XP level 4. HP: 25/25 MP: 6/6
  2007 | D:3      | Reached skill level 8 in Ranged Weapons
  2261 | D:3      | 2261 ||| UPGRADING to +6 ring of dexterity.
  2299 | D:4      | 2299 ||| STAIRDANCE
  2306 | D:3      | Slain by a sleepcap

Levels and vault maps discovered:
D:1:      nicolae_arrival_memento_mori, layout_loops_cross
D:2:      cheibrodos_old_hovel, layout_basic, chequers_ecumenical_altar_island,
          minmay_misc_feat_nine_boxes, amcnicky_mini_pool_small
D:3:      layout_loops_corners
D:4:      layout_cave_pools

Skill      XL: |  1  2  3  4 |
---------------+-------------+-----
Ranged Weapons | 6 7 8 |  8.3
Fighting       | |  1.5
Dodging        | |  2.4
Stealth        | |  1.2

Action                     |  1- 3 |  4- 6 || total
---------------------------+-------+-------++-------
   Fire: Shortbow          |   147 |    55 ||   202
    Use: Scroll            |     4 |       ||     4
 Armour: Leather armour    |    38 |     8 ||    46
  Dodge: Dodged            |    35 |    15 ||    50

Table legend:
 A = Non-vault XP
 B = Vault XP
 C = Vault XP percentage of total XP
 D = Non-vault monster count
 E = Vault monster count
 F = Vault count percentage of total count
                 A         B        C        D         E       F
            +---------+---------+-------+---------+---------+-------
      Total |     189 |       2 |   1.0 |      68 |       1 |   1.4
            +---------+---------+-------+---------+---------+-------
        D:1 |      55 |       0 |   0.0 |      33 |       0 |   0.0
        D:2 |      31 |       2 |   6.1 |      16 |       1 |   5.9
        D:3 |     101 |       0 |   0.0 |      18 |       0 |   0.0
        D:4 |       2 |       0 |   0.0 |       1 |       0 |   0.0
            +---------+---------+-------+---------+---------+-------
